 Dungeon Crawl Stone Soup version 0.22-a0-280-g69bf1f3 (webtiles) character file.

1152 mhoghedin the Slinger (level 8, -1/46 HPs)
             Began as a Halfling Fighter on Mar 17, 2018.
             Was a Believer of Makhleb.
             Succumbed to a killer bee's poison
             ... on level 5 of the Dungeon.
             The game lasted 00:12:20 (5531 turns).

mhoghedin the Slinger (Halfling Fighter)            Turns: 5531, Time: 00:12:20

Health: -1/46      AC:  8    Str: 19    XL:     8   Next: 65%
Magic:  8/8        EV: 10    Int:  6    God:    Makhleb [**....]
Gold:   300        SH: 10    Dex: 14    Spells: 7/7 levels left

rFire    + . .     SeeInvis +   b - +2 short sword (elec)
rCold    x . .     Gourm    .   c - +0 shield
rNeg     . . .     Faith    .   n - +0 scale mail
rPois    .         Spirit   .   (helmet restricted)
rElec    .         Reflect  .   (no cloak)
rCorr    .         Harm     .   (no gloves)
MR       .....                  e - +0 pair of boots
Stlth    ..........             (no amulet)
HPRegen  0.15/turn              q - ring of see invisible {sInv, !d}
MPRegen  0.11/turn              l - ring of fire {rF+, rC-}

@: lethally poisoned (-1 -> -24), very slightly contaminated
A: small, antennae 1, frail 1, mutation resistance 1
a: Minor Destruction, Renounce Religion


You were on level 5 of the Dungeon.
You worshipped Makhleb.
Makhleb was pleased with you.
You were not hungry.

You visited 1 branch of the dungeon, and saw 6 of its levels.

You collected 300 gold pieces.

Inventory:

Hand Weapons
 a - a +1 hunting sling of freezing
   (You found it on level 4 of the Dungeon)
 b - a +2 short sword of electrocution (weapon)
   (You took it off an orc on level 3 of the Dungeon)
 t - a +0 blowgun
   (You took it off a kobold on level 3 of the Dungeon)
Missiles
 d - 85 stones (quivered)
 s - 20 poisoned needles
 z - a throwing net {=f, !d}
Armour
 c - a +0 shield (worn)
 e - a +0 pair of boots (worn)
   (You found it on level 2 of the Dungeon)
 m - a +0 helmet
   (You took it off Robin on level 3 of the Dungeon)
 n - a +0 scale mail (worn)
Jewellery
 l - a ring of fire (right hand) {rF+, rC-}
   (You found it on level 2 of the Dungeon)
 q - a ring of see invisible (left hand) {sInv, !d}
   (You found it on level 3 of the Dungeon)
Wands
 o - a wand of random effects (22)
   (You took it off Robin on level 3 of the Dungeon)
 C - a wand of digging (9)
   (You found it on level 5 of the Dungeon)
Scrolls
 g - a scroll of holy word {unknown}
 h - 2 scrolls of enchant armour
 i - 3 scrolls of remove curse
 u - a scroll of magic mapping {!r}
 y - a scroll of identify
Potions
 j - 4 potions of flight
 k - a potion of might
 p - a potion of lignification {unknown}
 x - a potion of curing {unknown}
 B - a potion of magic {unknown}
Comestibles
 f - 14 rations
 v - 7 chunks of flesh {@w0}


   Skills:
 - Level 3.5 Fighting
 - Level 6.1 Short Blades
   Level 2.9 Axes
 + Level 8.1(8.4) Slings
 - Level 2.0(4.1) Throwing
 - Level 4.1 Armour
 - Level 2.0 Dodging
 - Level 4.1 Shields


You had 7 spell levels left.
You didn't know any spells.

Dungeon Overview and Level Annotations

Branches:
Dungeon (6/15)
 Temple: D:4-7

Altars:
Dithmenos
Hepliaklqana
Makhleb
Ru
Trog
Xom


Innate Abilities, Weirdness & Mutations

You are small and have problems with some larger weapons.
You are somewhat resistant to further mutation.
You have a pair of small antennae on your head.
You are frail. (-10% HP)


Message History

A leopard gecko comes into view.
The leopard gecko hisses angrily.
A killer bee comes into view.
Health restored: 52
There are monsters nearby!
There are monsters nearby!
A killer bee comes into view.
The killer bee buzzes angrily.
A killer bee comes into view.
There is an open door here.
The killer bee buzzes angrily.
Things that are here:
a flail; a killer bee corpse You hit the leopard gecko.
The leopard gecko closely misses you.
You hit the leopard gecko.
You kill the leopard gecko!
Makhleb accepts your kill. You block the killer bee's attack.
You hit the killer bee. You block the killer bee's attack. x2
You completely miss the killer bee. You block the killer bee's attack.
You hit the killer bee.
The killer bee stings you but does no damage.
You block the killer bee's attack. x3
Your shield and scale mail prevent you from hitting the killer bee.
You block the killer bee's attack.
The killer bee stings you but does no damage. x2
You miss the killer bee. The killer bee stings you.
You block the killer bee's attack. The killer bee barely misses you.
The killer bee stings you but does no damage.
You take 3 damage, and have 49/52 hp.
You miss the killer bee. The killer bee barely misses you. x2
The killer bee stings you. The killer bee misses you.
You take 1 damage, and have 48/52 hp.
Your shield prevents you from hitting the killer bee.
The killer bee stings you but does no damage.
The killer bee stings you. The killer bee closely misses you.
You take 5 damage, and have 43/52 hp.
You closely miss the killer bee. The killer bee closely misses you.
You block the killer bee's attack. The killer bee misses you.
The killer bee barely misses you.
You miss the killer bee. You block the killer bee's attack.
The killer bee stings you.
You are poisoned.
The killer bee poisons you! The killer bee barely misses you.
You take 3 damage, and have 40/52 hp.
You feel sick.
The killer bee stings you but does no damage.
You block the killer bee's attack. x2
You take 1 damage, and have 39/52 hp.
You feel sick. The killer bee stings you!
You are more poisoned.
The killer bee poisons you! The killer bee barely misses you.
You take 9 damage, and have 30/52 hp.
Aim: a killer bee (lightly wounded)
The killer bee seems to speed up.
The killer bee barely misses you. The killer bee stings you.
The killer bee barely misses you. The killer bee stings you.
You are more poisoned.
The killer bee poisons you!
The killer bee stings you but does no damage.
You block the killer bee's attack.
The killer bee stings you but does no damage.
You take 6 damage, and have 24/52 hp.
Really read
r - a scroll of blinking {!r}?
Blink to where?
You are very lightly contaminated with residual magic.
As you read the scroll of blinking {!r}, it crumbles to dust.
You feel sick.
You take 2 damage, and have 22/52 hp.
You feel sick.
There is a stone staircase leading up here.
You take 1 damage, and have 21/52 hp.
You feel sick. You block the killer bee's attack. x2
The killer bee stings you.
You climb upwards.
You feel sick.
There is a stone staircase leading down here.
You take 4 damage, and have 17/52 hp.
You miss the killer bee.
You feel sick. The killer bee misses you. You block the killer bee's attack. x2
You hit the killer bee.
You feel sick.
The killer bee stings you but does no damage.
The killer bee barely misses you.
The killer bee stings you but does no damage.
You take 1 damage, and have 16/52 hp.
You hit the killer bee.
You feel sick. You block the killer bee's attack.
The killer bee stings you but does no damage.
You take 1 damage, and have 15/52 hp.
You hit the killer bee.
You feel sick. The killer bee stings you.
* * * LOW HITPOINT WARNING * * *
You are lethally poisoned!
The killer bee poisons you! The killer bee stings you!
* * * LOW HITPOINT WARNING * * *
You are more poisoned.
The killer bee poisons you! You block the killer bee's attack.
You take 14 damage, and have 1/52 hp.
MASSIVE DAMAGE!!
It was a potion of mutation.
You feel extremely strange.
You feel frail. A pair of antennae grows on your head!
Your +0 helmet falls away!
You die...

##...#...#.......
#...####........
#..## #........
#..# ###.#......
########...#......
#.....##..###.....
#........#####....
#........#.......#
#@y...####........
#...<.# #........
#.....# #.......#
#.....# #.......#
#.....# #.......#
#.....# #########
#######


You could see a killer bee.

Vanquished Creatures
  The ghost of mhoghedin the Shield-Bearer, an amateur HaFi of Okawaru (D:4)
  An ice beast (D:6)
  A phantom (D:4)
  A centaur (D:5)
  A gnoll sergeant (D:5)
  A killer bee (D:6)
  A howler monkey (D:5)
  A crimson imp (D:5)
  A quasit (D:6)
  An orc wizard (D:3)
  A centaur skeleton (D:5)
  An orc priest (D:5)
  2 hounds
  2 worker ants (D:5)
  A hound skeleton (D:5)
  A worker ant zombie (D:5)
  Robin (D:3)
  5 adders
  6 gnolls
  3 shadow imps
  2 oozes
  2 worms
  A dart slug (D:2)
  6 leopard geckos
  15 orcs
  2 ball pythons
  4 giant cockroaches
  12 goblins
  9 hobgoblins
  14 jackals
  10 kobolds
  3 quokkas
  6 bats
  9 frilled lizards
  2 jackal zombies (D:5)
  4 rats
134 creatures vanquished.

Notes
Turn   | Place    | Note
-------+----------+-------------------------------------------
     0 | D:1      | mhoghedin the Halfling Fighter began the quest for the Orb.
     0 | D:1      | Reached XP level 1. HP: 15/15 MP: 1/1
    72 | D:1      | Reached XP level 2. HP: 13/20 MP: 2/2
   544 | D:1      | Reached XP level 3. HP: 22/25 MP: 3/3
   701 | D:1      | Reached skill level 1 in Dodging
   826 | D:2      | Reached skill level 3 in Fighting
   853 | D:2      | Found a shadowy altar of Dithmenos.
   887 | D:1      | HP: 6/26 [poisoned by a kobold]
   892 | D:1      | HP: 3/26 [poisoned by a kobold]
   900 | D:1      | HP: 1/26 [poisoned by a kobold]
  1356 | D:2      | Reached XP level 4. HP: 29/31 MP: 4/4
  1378 | D:2      | Found a hazy altar of Hepliaklqana.
  1888 | D:2      | Found a burning altar of Makhleb.
  1898 | D:2      | Found a bloodstained altar of Trog.
  1901 | D:2      | Found a sacrificial altar of Ru.
  1919 | D:2      | Became a worshipper of Makhleb the Destroyer
  2160 | D:3      | HP: 7/31 [poisoned by an adder]
  2410 | D:3      | Reached XP level 5. HP: 36/36 MP: 5/5
  2488 | D:3      | Reached skill level 4 in Armour
  2488 | D:3      | Reached skill level 4 in Shields
  2741 | D:3      | Noticed Robin
  2754 | D:3      | Killed Robin
  2754 | D:3      | Reached skill level 2 in Dodging
  2846 | D:3      | Reached * piety under Makhleb
  3340 | D:4      | Noticed a phantom
  3345 | D:4      | Reached skill level 1 in Short Blades
  3345 | D:4      | Reached XP level 6. HP: 42/42 MP: 6/6
  3371 | D:4      | Killed a phantom
  3371 | D:4      | Reached skill level 2 in Short Blades
  3371 | D:4      | Reached skill level 2 in Throwing
  3898 | D:4      | Noticed mhoghedin's ghost (amateur HaFi)
  3907 | D:4      | Killed mhoghedin's ghost
  3907 | D:4      | Reached skill level 4 in Short Blades
  3907 | D:4      | Reached skill level 3 in Slings
  3907 | D:4      | Reached XP level 7. HP: 32/46 MP: 7/7
  4275 | D:5      | Entered Level 5 of the Dungeon
  4295 | D:5      | Reached skill level 4 in Slings
  4417 | D:5      | Found a shimmering altar of Xom.
  4444 | D:5      | Reached ** piety under Makhleb
  4477 | D:5      | Reached skill level 5 in Short Blades
  4486 | D:5      | Reached skill level 5 in Slings
  4569 | D:5      | Reached XP level 8. HP: 52/52 MP: 8/8
  4736 | D:5      | Reached skill level 6 in Short Blades
  4736 | D:5      | Reached skill level 6 in Slings
  5344 | D:6      | Reached skill level 7 in Slings
  5474 | D:6      | Reached skill level 8 in Slings
  5530 | D:5      | HP: 8/52 [killer bee (6)]
  5530 | D:5      | HP: 1/52 [killer bee (7)]
  5531 | D:5      | Gained mutation: You are frail. (-10% HP) [potion of mutation]
  5531 | D:5      | Gained mutation: You have a pair of small antennae on your head. [potion of mutation]
  5531 | D:5      | Succumbed to a killer bee's poison

Vault maps used:
D:1:      evilmike_arrival_plus
D:2:      lemuel_crystal_altar, nicolae_dithmenos_shadow_blocks,
          minmay_overflow_temple_star_quad, first_ration
D:3:      uniq_robin
D:5:      xom_teletrap_fun
D:6:      minmay_temple_entry_junction_2

Skill      XL: |  1  2  3  4  5  6  7  8 |
---------------+-------------------------+-----
Dodging        | 1 2 |  2.0
Fighting       | 3 |  3.5
Armour         | 4 |  4.1
Shields        | 4 |  4.1
Short Blades   | 1 4 5 6 |  6.1
Throwing       | 2 |  2.0
Slings         | 3 5 8 |  8.1
Axes           | |  2.9

Action                   |  1- 3 |  4- 6 |  7- 9 || total
-------------------------+-------+-------+-------++-------
Melee: War axe           |    98 |    75 |       ||   173
       Short sword       |       |   110 |    81 ||   191
 Fire: Hunting sling     |       |    10 |   121 ||   131
       Blowgun           |       |       |     3 ||     3
Throw: Tomahawk          |       |    10 |       ||    10
Evoke: Wand              |       |       |     1 ||     1
  Use: Scroll            |     1 |     4 |     8 ||    13
       Potion            |     1 |       |     1 ||     2
  Eat: Ration            |     1 |     1 |     1 ||     3
       Chunk             |       |     5 |     1 ||     6
Armor: Scale mail        |    48 |    63 |    46 ||   157
Dodge: Dodged            |    41 |    61 |    69 ||   171
Block: Shield            |    64 |   115 |    88 ||   267

Table legend:
 A = Spawn XP
 B = Non-spawn XP
 C = Spawn XP percentage of total XP
 D = Spawn monster count
 E = Non-spawn monster count
 F = Spawn count percentage of total count
 G = Total turns spent on level
                    A         B        C        D         E        F      G
               +---------+---------+-------+---------+---------+-------+---------
         Total |       0 |    1647 |   0.0 |       0 |     134 |   0.0 |  5531
               +---------+---------+-------+---------+---------+-------+---------
           D:1 |       0 |      44 |   0.0 |       0 |      17 |   0.0 |  1141
           D:2 |       0 |      48 |   0.0 |       0 |      22 |   0.0 |  1068
           D:3 |       0 |     151 |   0.0 |       0 |      39 |   0.0 |  1379
           D:4 |       0 |     455 |   0.0 |       0 |      15 |   0.0 |   803
           D:5 |       0 |     650 |   0.0 |       0 |      32 |   0.0 |   941
           D:6 |       0 |     299 |   0.0 |       0 |       9 |   0.0 |   199
               +---------+---------+-------+---------+---------+-------+---------

Vault maps used:
D:1:      evilmike_arrival_plus
D:2:      lemuel_crystal_altar, nicolae_dithmenos_shadow_blocks,
          minmay_overflow_temple_star_quad, first_ration
D:3:      uniq_robin
D:5:      xom_teletrap_fun
D:6:      minmay_temple_entry_junction_2

Table legend:
 A = Turns spent in this place as a percentage of turns spent in the entire game.
 B = Non-inter-level travel turns spent in this place as a percentage of non-inter-level travel turns spent in the entire game.
 C = Inter-level travel turns spent in this place as a percentage of turns spent in this place.
 D = Turns resting spent in this place as a percentage of non-inter-level travel turns spent in this place.
 E = Turns spent auto-exploring this place as a percentage of non-inter-level travel turns spent in this place.
 F = Non-inter-level travel turns spent in this place divided by the number of levels of this place that you've seen.
                   A       B       C       D       E      F
               +-------+-------+-------+-------+-------+----------------------
         Total | 100.0 | 100.0 |   4.9 |  30.6 |  50.1 | 876.7
       Dungeon | 100.0 | 100.0 |   4.9 |  30.6 |  50.1 | 876.7
               +-------+-------+-------+-------+-------+----------------------

Table legend:
 A = Kills in this place as a percentage of kills in entire the game.
 B = Kills by you in this place as a percentage of kills by you in the entire game.
 C = Kills by friends in this place as a percentage of kills by friends in the entire game.
 D = Other kills in this place as a percentage of other kills in the entire game.
 E = Experience gained in this place as a percentage of experience gained in the entire game.
 F = Experience gained in this place divided by the number of levels of this place that you have seen.
                   A       B       C       D       E      F
               +-------+-------+-------+-------+-------+----------------------
         Total | 100.0 | 100.0 |   N/A |   N/A | 100.0 | 274.5
       Dungeon | 100.0 | 100.0 |   N/A |   N/A | 100.0 | 274.5
               +-------+-------+-------+-------+-------+----------------------
